[Event "fics rated crazyhouse match"]
[Site "fics, Oklahoma City, OK USA"]
[Date "2000.12.20"]
[White "Perplexity"]
[WhiteElo "2361"]
[Black "VABORIS"]
[BlackElo "2338"]
[TimeControl "60+0"]
[Result "1-0"]

1. e4 d5 2. exd5 e6 3. Bb5+ c6 4. dxc6 bxc6 5. Be2 e5 6. Bg4 
P@f5 7. Bxf5 Bxf5 8. P@b7 Nd7 9. P@c7 Qxc7 10. bxa8=Q+ B@c8 11. P@b7 Qxb7 
12. Qxb7 Bxb7 13. Q@c7 
{VABORIS resigns} 1-0

[Event "fics rated crazyhouse match"]
[Site "fics, Oklahoma City, OK USA"]
[Date "2000.12.20"]
[White "Perplexity"]
[WhiteElo "2368"]
[Black "VABORIS"]
[BlackElo "2331"]
[TimeControl "60+0"]
[Result "0-1"]

1. e4 d5 2. exd5 e6 3. Bb5+ c6 4. dxc6 bxc6 5. Be2 e5 6. Bg4 
Nf6 7. Bxc8 Qxc8 8. P@g5 Nd5 9. B@h3 P@e6 10. P@e4 Nb6 11. Nf3 Bc5 
12. Nc3 Bxf2+ 13. Kxf2 B@d4+ 14. Kf1 N8d7 15. Ne2 P@c5 16. c3 Rb8 17. cxd4 
cxd4 18. B@g3 P@d3 19. Nexd4 exd4 20. Nxd4 c5 21. Nb5 O-O 22. P@e7 Re8 
23. Nxa7 Qa6 24. Bxb8 Qxa2 25. R@f8+ Nxf8 26. exf8=Q+ Rxf8 27. N@e7+ Kh8 28. Rxa2 
P@e2+ 29. Qxe2 dxe2+ 30. Kf2 R@f1+ 31. Kxe2 N@d4+ 32. Kxf1 Q@e2+ 33. Kg1 
{Perplexity checkmated} 0-1

[Event "fics rated crazyhouse match"]
[Site "fics, Oklahoma City, OK USA"]
[Date "2000.12.20"]
[White "VABORIS"]
[WhiteElo "2340"]
[Black "Perplexity"]
[BlackElo "2359"]
[TimeControl "60+0"]
[Result "1-0"]

1. e4 Nf6 2. Nc3 d5 3. exd5 Nxd5 4. d4 e6 5. Bd2 Nxc3 6. bxc3 
N@e4 7. Nf3 P@b2 8. Rb1 Nxd2 9. Qxd2 Ba3 10. Bd3 B@c1 11. Qe2 Bd7 
12. N@h5 Bf8 13. O-O a5 14. Ne5 Nc6 15. Nxf7 Kxf7 16. P@b5 Qg5 17. bxc6 
Bxc6 18. N@e5+ Ke8 19. P@d7+ Bxd7 20. Nxd7 N@h3+ 21. Kh1 Nxf2+ 22. Qxf2 Kxd7 
23. N@e5+ Qxe5 24. dxe5 N@d5 25. Bb5+ c6 26. Qf7+ Be7 27. Qxe6+ Kc7 28. P@d6+ 
Kb8 29. B@c7+ Nxc7 30. dxc7+ Ka7 31. Qxe7 cxb5 32. B@c5+ P@b6 33. Bxb6+ Kxb6 
34. P@c5+ Ka7 
{Perplexity checkmated} 1-0

[Event "fics rated crazyhouse match"]
[Site "fics, Oklahoma City, OK USA"]
[Date "2000.12.20"]
[White "Perplexity"]
[WhiteElo "2351"]
[Black "VABORIS"]
[BlackElo "2348"]
[TimeControl "60+0"]
[Result "0-1"]

1. e4 d5 2. exd5 e6 3. Bb5+ c6 4. dxc6 bxc6 5. Be2 e5 6. Bg4 
P@e6 7. Nf3 Bd6 8. d4 e4 9. Ng5 Nf6 10. P@c5 Bxc5 11. dxc5 Qxd1+ 
12. Bxd1 P@d3 13. Q@c7 O-O 14. P@e7 Re8 15. cxd3 Na6 16. Qxc6 Bd7 17. Qxa6 
exd3 18. P@e5 P@e2 19. exf6 exd1=Q+ 20. Kxd1 
{Perplexity checkmated} 0-1

[Event "fics rated crazyhouse match"]
[Site "fics, Oklahoma City, OK USA"]
[Date "2000.12.21"]
[White "Perplexity"]
[WhiteElo "2330"]
[Black "JiggaB"]
[BlackElo "2330"]
[TimeControl "60+0"]
[Result "1-0"]

1. e4 e6 2. d4 Nc6 3. Be3 Nf6 4. Bd3 d5 5. e5 Ne4 6. a3 
Be7 7. Qg4 O-O 8. Bxe4 dxe4 9. Qxe4 B@g6 10. Qg4 f5 11. Qf4 Bg5 
12. Qxg5 Qxg5 13. Bxg5 Nxd4 14. N@e7+ Kh8 15. Nxg6+ hxg6 16. Q@h4+ P@h5 17. Qxd4 
Q@d5 18. P@e7 Qxd4 19. exf8=Q+ N@g8 20. N@f7+ Kh7 
{JiggaB checkmated} 1-0

[Event "fics rated crazyhouse match"]
[Site "fics, Oklahoma City, OK USA"]
[Date "2000.12.21"]
[White "JiggaB"]
[WhiteElo "2322"]
[Black "Perplexity"]
[BlackElo "2338"]
[TimeControl "60+0"]
[Result "0-1"]

1. e4 e6 2. Nc3 d6 3. d4 Nf6 4. Nf3 d5 5. exd5 exd5 6. Bb5+ 
P@c6 7. Qe2+ Be7 8. Ba4 Bf5 9. P@e5 Ne4 10. O-O Nxc3 11. bxc3 N@e4 
12. N@h5 Rg8 13. Bb2 Ba3 14. Bxa3 Nxc3 15. B@e7 Nxe2+ 16. Kh1 Qd7 17. Rae1 
Nc3 18. Bb3 P@c4 19. Re3 cxb3 20. Rxc3 Q@h6 21. N@f6+ gxf6 22. Nxf6+ Qxf6 
23. Bxf6 bxc2 24. P@e7 N@e6 25. Ng5 P@e2 26. Rg1 N@d1 27. Nxe6 
{JiggaB checkmated} 0-1

[Event "fics rated crazyhouse match"]
[Site "fics, Oklahoma City, OK USA"]
[Date "2000.12.21"]
[White "RFrancisco"]
[WhiteElo "2412"]
[Black "LINDEGREN"]
[BlackElo "2385"]
[TimeControl "60+0"]
[Result "1-0"]

1. e4 Nf6 2. Nc3 Nc6 3. d4 d5 4. exd5 Nxd5 5. Nf3 e6 6. Bd2 
Bb4 7. Nxd5 Bc3 8. Nxc3 Qe7 9. B@h4 f6 10. P@e5 P@b4 11. Nb5 O-O 
12. Bd3 Qf7 13. O-O a6 14. Nxc7 Qxc7 15. P@d6 Qf7 16. exf6 N@f5 17. fxg7 
Qxg7 18. P@h6 Nxh6 19. Bxh6 Qxh6 20. P@g5 Qg7 21. N@f6+ Kh8 22. N@h5 Qf7 
23. Bxh7 P@g7 24. g6 Qe8 25. P@h6 Rxf6 
{LINDEGREN checkmated} 1-0

[Event "fics rated crazyhouse match"]
[Site "fics, Oklahoma City, OK USA"]
[Date "2000.12.21"]
[White "RFrancisco"]
[WhiteElo "2426"]
[Black "LINDEGREN"]
[BlackElo "2371"]
[TimeControl "60+0"]
[Result "1-0"]

1. e4 Nf6 2. Nc3 Nc6 3. d4 d5 4. exd5 Nxd5 5. Nf3 e6 6. Bd3 
Bb4 7. P@d2 Bxc3 8. dxc3 P@b4 9. c4 Nb6 10. O-O Qe7 11. B@h4 f6 
12. Re1 N@g6 13. Bxg6+ hxg6 14. d5 B@g4 15. dxc6 bxc6 16. Bg3 Bxf3 17. Qxf3 
N@d4 18. Qe4 P@e5 19. B@b3 O-O 20. N@h4 f5 21. Qxe5 Nxb3 22. cxb3 B@f6 
23. Qe2 Qf7 24. N@f4 Bxh4 25. Bxh4 N@d4 26. Qd1 e5 27. N@g5 Qd7 28. P@h7+ 
Kh8 
{LINDEGREN checkmated} 1-0

[Event "fics rated crazyhouse match"]
[Site "fics, Oklahoma City, OK USA"]
[Date "2000.12.21"]
[White "LINDEGREN"]
[WhiteElo "2364"]
[Black "RFrancisco"]
[BlackElo "2433"]
[TimeControl "60+0"]
[Result "1-0"]

1. e4 e6 2. Nc3 Nc6 3. d4 Bb4 4. e5 d6 5. exd6 cxd6 6. Nf3 
Nf6 7. Be2 O-O 8. O-O Bxc3 9. bxc3 e5 10. P@h6 gxh6 11. Bxh6 N@f5 
12. Bxf8 Qxf8 13. B@g5 B@h8 14. Bxf6 Bxf6 15. P@g5 Bg7 16. N@f6+ Kh8 17. R@h5 
B@g6 18. Nxh7 Bxh7 19. Rxh7+ Kxh7 20. P@f6 R@g6 21. dxe5 dxe5 22. fxg7 Qxg7 
23. P@h5 Rxg5 24. Nxg5+ Qxg5 25. R@g4 Qxh5 26. Rg7+ Kxg7 27. Bxh5 R@g5 28. B@g3 
Be6 29. B@h4 Rb8 30. Bxg5 P@h6 31. Q@f6# 
{RFrancisco resigns} 1-0

[Event "fics rated crazyhouse match"]
[Site "fics, Oklahoma City, OK USA"]
[Date "2000.12.21"]
[White "RFrancisco"]
[WhiteElo "2423"]
[Black "LINDEGREN"]
[BlackElo "2374"]
[TimeControl "60+0"]
[Result "1-0"]

1. e4 Nf6 2. Nc3 Nc6 3. d4 d5 4. exd5 Nxd5 5. Nf3 e6 6. Bd3 
Bb4 7. P@d2 P@f5 8. O-O Bxc3 9. dxc3 N@e4 10. Qe2 Ndxc3 11. bxc3 Nxc3 
12. Qe1 P@e4 13. Ng5 exd3 14. Qxc3 B@f6 15. N@f3 Bxg5 16. Bxg5 N@e2+ 17. Kh1 
Nxc3 18. Bxd8 Nxd8 19. N@h5 Q@g6 20. B@b4 P@d6 21. Nf4 Qg4 22. B@g3 B@h3 
23. Nxh3 dxc2 24. Bxc3 P@e4 25. N@e3 Qg6 26. Nf4 Qf6 27. B@g5 Rg8 28. Bxf6 
gxf6 29. Nh4 B@g5 30. d5 Bxf4 31. Bxf4 exd5 32. Bxf6 Nc6 33. P@g7 P@f3 
34. Q@f8+ Rxf8 35. gxf8=Q+ Kxf8 36. R@g8# 
{LINDEGREN resigns} 1-0

[Event "fics rated crazyhouse match"]
[Site "fics, Oklahoma City, OK USA"]
[Date "2000.12.21"]
[White "RFrancisco"]
[WhiteElo "2437"]
[Black "LINDEGREN"]
[BlackElo "2360"]
[TimeControl "60+0"]
[Result "0-1"]

1. e4 Nf6 2. Nc3 Nc6 3. d4 d5 4. exd5 Nxd5 5. Nf3 e6 6. Bd3 
Bb4 7. Bd2 Qe7 8. O-O Bxc3 9. bxc3 f5 10. c4 Ndb4 11. B@h4 P@f6 
12. P@e5 Nxd3 13. cxd3 Rg8 14. Rb1 B@h5 15. N@g3 Bxf3 16. Qxf3 Nxd4 17. Qe3 
N@c2 18. Qxd4 Nxd4 19. B@e3 P@h3 20. gxh3 Nf3+ 21. Kh1 Nxh4 22. P@g2 B@f3 
23. Rg1 Nxg2 24. Rxg2 Bxg2+ 25. Kxg2 N@h4+ 26. Kf1 R@g1# 
{RFrancisco resigns} 0-1

[Event "fics rated crazyhouse match"]
[Site "fics, Oklahoma City, OK USA"]
[Date "2000.12.21"]
[White "RFrancisco"]
[WhiteElo "2418"]
[Black "LINDEGREN"]
[BlackElo "2379"]
[TimeControl "60+0"]
[Result "0-1"]

1. e4 Nf6 2. Nc3 Nc6 3. d4 d5 4. exd5 Nxd5 5. Nf3 e6 6. P@h3 
Bb4 7. Bd2 Bxc3 8. bxc3 Qe7 9. Be2 N@e4 10. O-O Nexc3 11. Bxc3 Nxc3 
12. Qd3 Nxe2+ 13. Qxe2 B@d5 14. N@g3 Bxf3 15. gxf3 Nxd4 16. Qd3 e5 17. B@g2 
B@c6 18. B@e4 N@f4 19. Bxc6+ bxc6 20. Qd1 P@e2 21. Nxe2 Ndxe2+ 22. Kh1 Nxg2 
23. Qxe2 Nf4 24. P@g2 Nxe2 25. B@e4 Nf4 26. N@e3 B@d4 27. Bxc6+ B@d7 28. Bxa8 
Bxe3 29. P@b7 P@e2 30. bxc8=Q+ Bxc8 31. Rg1 Bxf2 32. B@a4+ P@d7 33. R@g4 Bxg1 
34. Kxg1 Q@d4+ 35. B@f2 Qxa1+ 36. N@f1 
{RFrancisco checkmated} 0-1

[Event "fics rated crazyhouse match"]
[Site "fics, Oklahoma City, OK USA"]
[Date "2000.12.21"]
[White "LINDEGREN"]
[WhiteElo "2388"]
[Black "RFrancisco"]
[BlackElo "2409"]
[TimeControl "60+0"]
[Result "1-0"]

1. e4 e6 2. Nc3 Nc6 3. Nf3 Nf6 4. d4 Bb4 5. Bd3 d5 6. exd5 
exd5 7. Qe2+ P@e4 8. P@g5 Bxc3+ 9. bxc3 Nd7 10. Bxe4 dxe4 11. Qxe4+ Qe7 
12. Qxe7+ Nxe7 13. P@f6 gxf6 14. B@g7 Rg8 15. Bxf6 Q@e6+ 16. P@e5 B@h5 17. Bxe7 
Kxe7 18. P@f6+ Ke8 19. Q@e7+ Qxe7 20. fxe7 Kxe7 21. N@d5+ Ke6 22. Nf4+ Ke7 
23. Nxh5 Rg6 24. B@f6+ Kf8 25. Nf4 Q@g8 
{RFrancisco checkmated} 1-0

[Event "fics rated crazyhouse match"]
[Site "fics, Oklahoma City, OK USA"]
[Date "2000.12.21"]
[White "RFrancisco"]
[WhiteElo "2401"]
[Black "LINDEGREN"]
[BlackElo "2396"]
[TimeControl "60+0"]
[Result "1-0"]

1. e4 Nf6 2. Nc3 Nc6 3. d4 d5 4. exd5 Nxd5 5. Nf3 e6 6. Bd2 
Bb4 7. Bd3 Bxc3 8. bxc3 Qe7 9. B@h4 f6 10. c4 Ndb4 11. P@h3 Nxd3+ 
12. cxd3 N@b2 13. Qc2 Nxd3+ 14. Qxd3 B@f5 15. Qe3 P@e4 16. Ng1 e5 17. d5 
Nd4 18. Rc1 P@f4 19. Qc3 O-O 20. N@d1 Bcd7 21. Bxf4 exf4 22. Qxd4 e3 
23. fxe3 B@c5 24. Qxc5 Qxc5 25. B@d4 Qe7 26. P@f2 fxe3 27. fxe3 Bxh3 28. Nxh3 
Bxh3 29. gxh3 N@f3+ 30. Kf2 Nxh4 31. P@g2 B@f3 32. B@f1 Nxg2 33. B@e6+ P@f7 
34. N@f5 Qxe6 35. N@h6+ Kh8 36. dxe6 B@e1+ 37. Kxf3 P@e4+ 38. Kxe4 
{LINDEGREN forfeits on time} 1-0

[Event "fics rated crazyhouse match"]
[Site "fics, Oklahoma City, OK USA"]
[Date "2000.12.21"]
[White "LINDEGREN"]
[WhiteElo "2388"]
[Black "VABORIS"]
[BlackElo "2356"]
[TimeControl "60+0"]
[Result "0-1"]

1. e4 e6 2. Nc3 Nc6 3. d4 Bb4 4. a3 Bxc3+ 5. bxc3 Nf6 6. Bd3 
d5 7. exd5 exd5 8. Qe2+ P@e4 9. P@g5 Qe7 10. gxf6 gxf6 11. N@g7+ Kd8 
12. B@c5 P@d6 13. Bxd6 cxd6 14. Bb5 N@h4 15. f3 exf3 16. Qxe7+ Nxe7 17. Nxf3 
Nxg2+ 18. Kd1 B@g4 19. Q@e2 P@e4 20. Rf1 exf3 21. Rxf3 Bxf3 
{LINDEGREN resigns} 0-1

[Event "fics rated crazyhouse match"]
[Site "fics, Oklahoma City, OK USA"]
[Date "2000.12.21"]
[White "marcusm"]
[WhiteElo "2342"]
[Black "LINDEGREN"]
[BlackElo "2387"]
[TimeControl "180+0"]
[Result "1-0"]

1. e4 Nf6 2. e5 Nd5 3. Nc3 e6 4. Nf3 d6 5. d4 Nc6 6. Bd3 
Bd7 7. O-O Ndb4 8. Bg5 Be7 9. Bxe7 Qxe7 10. Ne4 Nxd3 11. cxd3 f5 
12. exf6 gxf6 13. P@g5 P@g7 14. N@h5 fxg5 15. B@f6 gxf6 16. Nexf6+ Kd8 17. P@g7 
Re8 18. Nxd7 B@g4 19. B@f6 Bxh5 20. Bxe7+ Nxe7 21. Nf6 B@c6 22. Nxh5 N@f4 
23. Nxf4 gxf4 24. B@e4 B@d5 25. Ng5 B@f6 26. Nxh7 Bxg7 27. P@f6 Bxf6 28. Nxf6 
Bxe4 29. dxe4 P@g3 30. hxg3 fxg3 31. fxg3 B@e3+ 32. P@f2 Bxd4 33. N@f7+ Kc8 
34. Nxe8 N@d8 35. Nxd8 Kxd8 36. B@f6 Bxf6 37. Nxf6 N@f7 38. R@f8+ B@e8 39. P@d5 
Bd7 40. dxe6 
{LINDEGREN resigns} 1-0

[Event "fics rated crazyhouse match"]
[Site "fics, Oklahoma City, OK USA"]
[Date "2000.12.21"]
[White "LINDEGREN"]
[WhiteElo "2378"]
[Black "marcusm"]
[BlackElo "2351"]
[TimeControl "180+0"]
[Result "1-0"]

1. e4 Nf6 2. Nc3 d5 3. exd5 Nxd5 4. d4 e6 5. Nf3 Bb4 6. Bd2 
Nc6 7. Bd3 Qe7 8. O-O Bxc3 9. bxc3 N@b2 10. Qe2 Nxd3 11. cxd3 B@b2 
12. B@h4 f6 13. Ne5 Bxc3 14. P@f7+ Kd8 15. N@g8 Nxd4 16. Qh5 Qf8 17. Bxc3 
Rxg8 18. fxg8=Q Qxg8 19. Nf7+ Ke7 20. B@d8+ Kf8 21. R@h8 Nxc3 22. Rxg8+ Kxg8 
{marcusm checkmated} 1-0

[Event "fics rated crazyhouse match"]
[Site "fics, Oklahoma City, OK USA"]
[Date "2000.12.21"]
[White "marcusm"]
[WhiteElo "2344"]
[Black "LINDEGREN"]
[BlackElo "2385"]
[TimeControl "180+0"]
[Result "1-0"]

1. e4 Nf6 2. e5 Nd5 3. Nf3 e6 4. d4 d6 5. Bd3 Nc6 6. Nc3 
Bd7 7. O-O Ncb4 8. Ne4 Nxd3 9. cxd3 Bc6 10. Bg5 Qd7 11. Rc1 B@e7 
12. Bd2 f5 13. exf6 gxf6 14. Qe2 Rg8 15. Kh1 P@g4 16. Ne1 f5 17. Ng3 
Bg7 18. P@e4 Bxd4 19. exd5 Bxd5 20. N@f4 P@f3 21. gxf3 gxf3 22. Nxf3 Bxf3+ 
23. Qxf3 c6 24. Qh5+ P@g6 25. Qxh7 O-O-O 26. P@g2 N@f6 27. Qf7 Ng4 28. Qxe6 
Nxf2+ 29. Rxf2 Bxf2 30. P@a6 Bxg3 31. axb7+ Kb8 32. hxg3 N@f2+ 33. Kg1 Qxe6 
34. P@c7+ Kxb7 35. N@a5+ Kxc7 36. Nxe6+ Kd7 37. Q@c7+ Kxe6 38. N@f4+ Kf6 39. P@g5+ 
Kg7 40. Qxe7+ N@f7 41. P@h6+ Kh7 42. Qxf7+ Kh8 43. B@g7+ Kh7 
{LINDEGREN checkmated} 1-0

[Event "fics rated crazyhouse match"]
[Site "fics, Oklahoma City, OK USA"]
[Date "2000.12.21"]
[White "LINDEGREN"]
[WhiteElo "2376"]
[Black "marcusm"]
[BlackElo "2353"]
[TimeControl "180+0"]
[Result "0-1"]

1. e4 Nf6 2. Nc3 d5 3. exd5 Nxd5 4. d4 e6 5. Nf3 Bb4 6. Bd2 
Nc6 7. Bd3 Qe7 8. O-O Bxc3 9. bxc3 f5 10. B@h4 Qd7 11. P@e4 fxe4 
12. Bxe4 Nf6 13. Bxc6 Qxc6 14. Ne5 Qe4 15. Bxf6 gxf6 16. Qh5+ P@g6 17. Nxg6 
Qxg6 18. N@g7+ Kf7 19. N@h6+ Ke7 20. Qxg6 hxg6 21. P@e5 N@h3+ 22. gxh3 N@f3+ 
23. Kh1 P@g2+ 24. Kxg2 Nh4+ 25. Kg3 Q@g2+ 26. Kxh4 B@g5# 
{LINDEGREN resigns} 0-1

[Event "fics rated crazyhouse match"]
[Site "fics, Oklahoma City, OK USA"]
[Date "2000.12.21"]
[White "marcusm"]
[WhiteElo "2362"]
[Black "LINDEGREN"]
[BlackElo "2367"]
[TimeControl "180+0"]
[Result "0-1"]

1. e4 Nf6 2. e5 Nd5 3. Nc3 e6 4. Nf3 d6 5. d4 Nc6 6. Bd3 
Ndb4 7. Be4 Bd7 8. a3 Na6 9. exd6 Bxd6 10. P@b5 Nab8 11. bxc6 Bxc6 
12. Bxc6+ Nxc6 13. N@h5 Rg8 14. Bg5 B@e7 15. B@h4 Bxg5 16. Bxg5 B@e7 17. B@h4 
f6 18. Be3 P@d5 19. Nf4 Qd7 20. Ncxd5 exd5 21. P@e6 Bxf4 22. exd7+ Kxd7 
23. Bxf4 P@e6 24. B@b5 N@d8 25. Bhg3 P@d6 26. Qe2 N@e4 27. Nd2 Nxd2 28. Bxd2 
N@f5 29. c3 Rb8 30. N@f4 g5 31. Nd3 a6 32. Bxc6+ Nxc6 33. Rc1 B@e4 
34. f3 Bxd3 35. Qxd3 N@f4 36. Qf1 Nxg3 37. hxg3 B@c4 38. gxf4 Bxf1 39. Rxf1 
gxf4 40. B@h3 f5 41. Bxf4 P@e5 42. B@f7 exf4 43. Bxe6+ Kxe6 44. Bxf5+ Kxf5 
45. Q@f7+ B@f6 46. P@g4+ Kg5 47. N@h3+ Kh4 48. Qh5+ Kg3 49. P@f2+ Kh2 50. Nxf4+ 
B@h4 51. Qxh4+ Bxh4 52. B@g1+ Kh1 53. N@g3+ Bxg3 54. fxg3 B@d2# 
{marcusm forfeits on time} 0-1

[Event "fics rated crazyhouse match"]
[Site "fics, Oklahoma City, OK USA"]
[Date "2000.12.22"]
[White "GusMcClain"]
[WhiteElo "2271"]
[Black "pminear"]
[BlackElo "2547"]
[TimeControl "60+0"]
[Result "1-0"]

1. e4 e5 2. Nc3 Nc6 3. Nf3 Bc5 4. Bc4 Nf6 5. O-O O-O 6. d3 
d6 7. Bg5 Bg4 8. Bxf6 Qxf6 9. Nd5 Qh6 10. N@e7+ Kh8 11. Nf5 Bxf5 
12. exf5 B@g4 13. B@g5 Qh5 14. h3 Bxf3 15. Qxf3 Qxg5 16. f6 gxf6 17. Qxf6+ 
Qxf6 18. Nxf6 B@g7 19. Nh5 N@e2+ 20. Kh2 Bxf2 21. Rxf2 P@g3+ 22. Nxg3 Nxg3 
23. B@h4 P@f4 24. B@f6 Rg8 25. Bxg7+ Rxg7 26. B@f6 Nf1+ 27. Kg1 B@h2+ 28. Kxf1 
N@e3+ 29. Ke2 Nd4+ 30. Kd2 N@f3+ 31. gxf3 Nxf3+ 32. Rxf3 Nxc4+ 33. dxc4 B@e3+ 
34. Rxe3 fxe3+ 35. Kc3 Q@d2+ 36. Kb3 P@a4+ 37. Ka3 
{pminear forfeits on time} 1-0

[Event "fics rated crazyhouse match"]
[Site "fics, Oklahoma City, OK USA"]
[Date "2000.12.22"]
[White "pminear"]
[WhiteElo "2534"]
[Black "GusMcClain"]
[BlackElo "2284"]
[TimeControl "60+0"]
[Result "1-0"]

1. e4 Nf6 2. Nc3 d5 3. exd5 Nxd5 4. d4 e6 5. Bd3 Bb4 6. Bd2 
Nc6 7. Nf3 Qe7 8. O-O Bxc3 9. bxc3 N@f4 10. B@g5 f6 11. Bgxf4 Nxf4 
12. Bxf4 B@h5 13. N@b5 P@d6 14. Nxc7+ Qxc7 15. N@b5 Qd7 16. Nxd6+ Kf8 17. Nxc8 
Rxc8 18. B@e2 N@d5 19. Be3 Nxe3 20. fxe3 N@g4 21. P@f2 B@d5 22. N@g3 Bxf3 
23. Bxf3 N@f5 24. Bxg4 Nxg3 25. fxg3 Bxg4 26. Qxg4 B@f5 27. Rxf5 exf5 28. Bxf5 
N@e2+ 29. Kh1 Qe7 30. Bxc8 R@g5 31. Qxe2 Qd8 32. N@e6+ Ke7 33. Nxd8 Kxd8 
34. Q@d7# 
{GusMcClain checkmated} 1-0

[Event "fics rated crazyhouse match"]
[Site "fics, Oklahoma City, OK USA"]
[Date "2000.12.22"]
[White "GusMcClain"]
[WhiteElo "2281"]
[Black "pminear"]
[BlackElo "2537"]
[TimeControl "60+0"]
[Result "0-1"]

1. e4 e5 2. Nc3 Nc6 3. Nf3 Bc5 4. Bc4 Nf6 5. d3 O-O 6. O-O 
d6 7. Bg5 Bg4 8. Bxf6 Qxf6 9. Nd5 Qh6 10. N@e7+ Kh8 11. Nf5 Bxf5 
12. exf5 B@g4 13. B@g5 Qh5 14. h3 Bxf3 15. Qxf3 Qxg5 16. f6 gxf6 17. Qxf6+ 
Qxf6 18. Nxf6 N@e2+ 19. Kh2 B@g7 20. Nh5 Bxf2 21. Rxf2 P@f4 22. B@h4 P@g3+ 
23. Nxg3 fxg3+ 24. Bxg3 Nxg3 25. P@f6 Bxf6 26. P@h6 Nf1+ 27. Kg1 P@h2+ 28. Kxf1 
N@g3+ 29. Ke1 h1=Q+ 30. B@f1 Q@e3+ 31. Q@e2 Nxe2 32. P@g7+ Bxg7 33. hxg7+ Kxg7 
34. N@f5+ Kg6 35. Nxe3 P@d2+ 36. Kxd2 B@b4+ 37. c3 Bxc3+ 38. bxc3 Q@b2+ 39. Q@c2 
Qxc2+ 40. Kxc2 N@a3+ 41. Kd2 Q@b2+ 42. B@c2 Qxc3+ 43. Kxe2 Nd4+ 44. Kd1 P@e2+ 
45. Rxe2 Qxa1+ 46. B@c1 Qxf1+ 47. Q@e1 Qxc1+ 48. Kxc1 Qxe1+ 49. Rxe1 P@b2+ 50. Kd2 
B@c3+ 51. Kxc3 B@b4+ 52. Kxb4 c5# 
{GusMcClain forfeits on time} 0-1

[Event "fics rated crazyhouse match"]
[Site "fics, Oklahoma City, OK USA"]
[Date "2000.12.22"]
[White "pminear"]
[WhiteElo "2540"]
[Black "GusMcClain"]
[BlackElo "2278"]
[TimeControl "60+0"]
[Result "1-0"]

1. e4 e6 2. Nc3 Nf6 3. e5 Nd5 4. Nxd5 exd5 5. d4 d6 6. Nf3 
Nc6 7. Bb5 Bd7 8. Qe2 N@e4 9. c4 dxe5 10. cxd5 Nxd4 11. Nxd4 exd4 
12. P@c6 N@c2+ 13. Qxc2 Nd6 14. cxd7+ Qxd7 15. Bxd7+ Kd8 16. Bg5+ P@f6 17. Bg4 
P@d7 18. Bxd7 fxg5 19. N@e6+ fxe6 20. N@f7+ Ke7 21. Nxh8 B@h5 22. B@b4 P@e3 
23. Bxd6+ cxd6 24. N@f5+ exf5 25. Q@e6+ Kd8 26. P@c7# 
{GusMcClain checkmated} 1-0

[Event "fics rated crazyhouse match"]
[Site "fics, Oklahoma City, OK USA"]
[Date "2000.12.22"]
[White "GusMcClain"]
[WhiteElo "2275"]
[Black "pminear"]
[BlackElo "2543"]
[TimeControl "60+0"]
[Result "0-1"]

1. e4 e5 2. Nf3 Nc6 3. Bc4 Bc5 4. d3 Nf6 5. O-O O-O 6. Nc3 
d6 7. Bg5 Bg4 8. Nd5 Nxd5 9. Bxd8 Bxf3 10. Qxf3 Nf4 11. Bg5 N@d4 
12. Qg4 N@g6 13. B@f5 Nxf5 14. exf5 B@h5 15. Qxh5 Nxh5 16. fxg6 hxg6 17. B@f6 
gxf6 18. N@h6+ Kh7 19. Bxf6 Nxf6 20. N@g4 B@g7 21. Nxf6+ Bxf6 22. Ng4 B@g5 
23. Nxf6+ Bxf6 24. N@g4 P@g7 25. Nxf6+ gxf6 26. Q@h4+ N@h6 27. B@e3 Bxe3 28. fxe3 
N@e2+ 29. Kh1 B@g5 30. Qh3 Q@g1+ 31. Rxg1 N@f2# 
{GusMcClain checkmated} 0-1

[Event "fics rated crazyhouse match"]
[Site "fics, Oklahoma City, OK USA"]
[Date "2000.12.22"]
[White "pminear"]
[WhiteElo "2546"]
[Black "GusMcClain"]
[BlackElo "2272"]
[TimeControl "60+0"]
[Result "1-0"]

1. e4 Nf6 2. Nc3 d5 3. exd5 Nxd5 4. d4 e6 5. Bd3 Bb4 6. Bd2 
Nc6 7. Nf3 Bxc3 8. bxc3 N@f4 9. Bf1 P@b4 10. B@g5 bxc3 11. Bdxf4 P@f6 
12. N@h5 Rg8 13. P@d2 fxg5 14. Bxg5 B@e7 15. Bxe7 Qxe7 16. Bd3 cxd2+ 17. Nxd2 
B@c3 18. Bxh7 Nxd4 19. Bxg8 P@e2 20. Qxe2 Nxe2 21. Nxg7+ Kd8 22. B@h6 Bxd2+ 
23. Bxd2 Nd4 24. B@d3 P@e4 25. O-O exd3 26. R@e8+ Qxe8 27. Nxe8 N@h3+ 28. gxh3 
Nf3+ 29. Kh1 B@g2+ 30. Kxg2 Nh4+ 31. Kg3 R@g2+ 32. Kxh4 Q@e7+ 33. P@f6 Nxf6 
34. Q@d4+ Bd7 35. Nxf6 Qxf6+ 36. Qxf6+ P@e7 37. Qxe7+ Kxe7 38. P@f6+ Kf8 39. N@h7# 
{GusMcClain forfeits on time} 1-0

[Event "fics rated crazyhouse match"]
[Site "fics, Oklahoma City, OK USA"]
[Date "2000.12.22"]
[White "GusMcClain"]
[WhiteElo "2269"]
[Black "pminear"]
[BlackElo "2549"]
[TimeControl "60+0"]
[Result "0-1"]

1. d4 Nf6 2. e3 e6 3. Nf3 Nc6 4. Be2 Be7 5. O-O O-O 6. Nc3 
d5 7. Ne5 Nxe5 8. dxe5 Ne4 9. f3 Nxc3 10. bxc3 f6 11. exf6 Bxf6 
12. P@d4 N@f5 13. N@g4 Bg5 14. N@h3 Bh4 15. g3 Bxg3 16. hxg3 Nxg3 17. B@h2 
Nxf1 18. Qxf1 P@f5 19. Ne5 P@f6 20. Nd3 R@g6+ 21. N@g2 N@h4 22. Ndf4 Nxg2 
23. Nxg2 N@h4 24. N@f4 Nxg2 25. Nxg2 e5 26. N@h4 exd4 27. Nxg6 hxg6 28. cxd4 
N@h5 29. P@g3 P@e4 30. R@h4 exf3 31. Bxf3 P@g4 32. Rxh5 gxh5 33. N@g6 Rf7 
34. Bxg4 hxg4 35. Nhf4 R@h7 36. P@h5 P@f3 37. P@e7 Rxe7 38. Nxe7+ Qxe7 39. Qf2 
fxg2 40. Qxg2 N@f3+ 41. Kh1 P@h3 42. Qf2 B@g2+ 43. Nxg2 hxg2+ 44. Kxg2 N@e1+ 
45. Kf1 Nxh2+ 46. Kxe1 N@f3+ 47. Kd1 B@c3 48. B@e6+ Bxe6 49. R@h8+ Kxh8 50. N@g6+ 
Kg8 51. P@f7+ Kxf7 52. Nxe7 Ke8 53. Bd2 Kd7 54. Ke2 Kxe7 55. Kd3 Kf7 
{GusMcClain forfeits on time} 0-1

[Event "fics rated crazyhouse match"]
[Site "fics, Oklahoma City, OK USA"]
[Date "2000.12.22"]
[White "pminear"]
[WhiteElo "2552"]
[Black "GusMcClain"]
[BlackElo "2266"]
[TimeControl "60+0"]
[Result "1-0"]

1. e4 Nf6 2. Nc3 d5 3. exd5 Nxd5 4. d4 e6 5. Bd3 Bb4 6. Bd2 
Nc6 7. Nf3 Bxc3 8. bxc3 N@f4 9. Bf1 P@b2 10. Rb1 Nxg2+ 11. Bxg2 P@b4 
12. N@h5 Rg8 13. cxb4 Ncxb4 14. O-O Nxa2 15. Bg5 P@f6 16. Bh4 Nac3 17. P@h6 
gxh6 18. P@g7 P@g6 19. Nxf6+ Nxf6 20. Bxf6 Qxf6 21. B@e5 Qe7 22. N@f6+ Qxf6 
23. Bxf6 B@d6 24. Q@d8# 
{GusMcClain checkmated} 1-0

[Event "fics rated crazyhouse match"]
[Site "fics, Oklahoma City, OK USA"]
[Date "2000.12.22"]
[White "GusMcClain"]
[WhiteElo "2263"]
[Black "pminear"]
[BlackElo "2555"]
[TimeControl "60+0"]
[Result "0-1"]

1. e4 e5 2. Nf3 Nc6 3. Bc4 Bc5 4. d3 Nf6 5. O-O O-O 6. Nc3 
d6 7. Bg5 Be6 8. Nd5 Bxd5 9. exd5 Nd4 10. B@h4 N@d7 11. Nxd4 Bxd4 
12. Bxf6 Nxf6 13. N@f5 B@e7 14. Nxd4 exd4 15. N@f5 N@g6 16. Nxd4 Nxh4 17. B@g5 
Nxg2 18. P@e6 B@f4 19. exf7+ Kh8 20. P@g3 Bxg5 21. f4 Ne3 22. Qf3 N@h3+ 
23. Kh1 P@g2+ 24. Qxg2 Nxg2 25. fxg5 Ne3 26. P@g2 Q@g1+ 27. Rxg1 Nf2# 
{GusMcClain checkmated} 0-1

[Event "fics rated crazyhouse match"]
[Site "fics, Oklahoma City, OK USA"]
[Date "2000.12.22"]
[White "pminear"]
[WhiteElo "2558"]
[Black "GusMcClain"]
[BlackElo "2260"]
[TimeControl "60+0"]
[Result "1-0"]

1. e4 Nf6 2. e5 d5 3. exf6 exf6 4. d4 Be6 5. Nc3 Nc6 6. N@f4 
Bb4 7. Bb5 P@e4 8. Bd2 a6 9. Bxc6+ bxc6 10. N@h5 Bxc3 11. bxc3 Rg8 
12. Nxe6 fxe6 13. B@h3 B@f7 14. Nf4 N@g5 15. B@g4 Nxh3 16. Ngxh3 N@g5 17. Nxg5 
fxg5 18. Nxe6 Qe7 19. P@b7 Rb8 20. N@f5 Bxe6 21. Nxe7 Kxe7 22. Bxe6 B@f6 
23. Q@d7+ Kf8 24. Qf7# 
{GusMcClain checkmated} 1-0